Cogmind - Beta 10 X2 @@@ ROGUE MODE // 2020.07.07 @ 15:25:22 Player: Decinym Result: Destroyed by G-34 Mercenary with Small Laser Performance ------------- Evolutions (0) 0 Regions Visited (2) 400 Robots Destroyed (12) 60 Value Destroyed (356) 356 Prototype IDs (0) 0 Alien Tech Used (0) 0 Bonus (0) 0 TOTAL SCORE: 816 Bonus ------- None Cogmind --------- Core Integrity 0/250 Matter 274/300 Energy 250/250 System Corruption 1% Temperature Cool (86) Movement Walking (180) Ox2 Location -10/Mines Parts ------- > --- POWER (1) -------- Ion Engine > --- PROPULSION (2) --- Aluminum Leg > --- UTILITY (2) ------ Small Storage Unit Large Storage Unit > --- WEAPON (2) ------- Assault Rifle > --- INVENTORY (12) --- Light Ion Engine Light Nuclear Core Light Treads Light Treads Aluminum Leg Aluminum Leg Aluminum Leg Compact Wheel Compact Wheel Improved Heat Sink Peak State ------------ > --- POWER ------------ Ion Engine > --- PROPULSION ------- Aluminum Leg Aluminum Leg > --- UTILITY ---------- Small Storage Unit Large Storage Unit > --- WEAPON ----------- Medium Laser Assault Rifle > --- INVENTORY -------- Light Ion Engine Light Treads Light Treads Aluminum Leg Aluminum Leg Compact Wheel Compact Wheel Improved Heat Sink [Rating: 8] Favorites ----------- Power Ion Engine Engine Ion Engine Propulsion Aluminum Leg Leg Aluminum Leg Utility Small Storage Unit Storage Small Storage Unit Weapon Assault Rifle Energy Gun Medium Laser Ballistic Gun Assault Rifle Build | -11 -10 -10 ------- Run | Scr Mat Min Slots Evolved . | . . . Power . | . . . Propulsion . | . . . Utility . | . . . Weapon . | . . . Parts Attached 9 | . 5 4 Power 2 | . 2 . Engine 2 | . 2 . Core . | . . . Reactor . | . . . Propulsion 2 | . . 2 Treads . | . . . Leg 2 | . . 2 Wheel . | . . . Hover . | . . . Flight . | . . . Utility 1 | . 1 . Device . | . . . Storage 1 | . 1 . Processor . | . . . Hackware . | . . . Protection . | . . . Artifact . | . . . Weapon 4 | . 2 2 Energy Gun 3 | . 1 2 Energy Cannon . | . . . Ballistic Gun 1 | . 1 . Ballistic Cannon . | . . . Launcher . | . . . Special Weapon . | . . . Impact Weapon . | . . . Slashing Weapon . | . . . Piercing Weapon . | . . . Special Melee Weapon . | . . . Unidentified Prototypes . | . . . Parts Lost 8 | . 3 5 Power 1 | . 1 . Propulsion 2 | . . 2 Utility . | . . . Weapon 5 | . 2 3 Highest Loss Streak 3 | . 3 3 Average Slot Usage (%) 98 | . 96 99 Engine 13 | . 12 14 Leg 27 | . 28 27 Storage 27 | . 26 28 Energy Gun 13 | . 13 13 Ballistic Gun 14 | . 14 14 Naked Turns . | . . . Heaviest Build 29 | 10 29 29 Greatest Support 20 | 20 20 20 Greatest Overweight (x) 2 | . 1 2 Average Overweight (x) . | . . 1 Largest Inventory Capacity 12 | 6 12 12 Average Capacity 11 | 6 11 12 Most Carried 10 | 6 9 10 Average Carried 8 | 6 6 8 Final Capacity 12 | 6 12 12 Final Carried 10 | 6 9 10 Class Distribution -------------------- 100% | Mutant Dominant Class ---------------- Mutant | -10/Materials Mutant | -10/Mines Resources | -11 -10 -10 ----------- Run | Scr Mat Min Matter Collected 351 | 181 44 126 Remotely . | . . . Salvage Created 429 | . 141 288 Parts 26 | . 9 17 Haulers Intercepted . | . . . Recyclers Shooed . | . . . Parts Field Recycled . | . . . Retrieved Matter . | . . . Parts Self-Destructed . | . . . Prevented . | . . . Kills | -11 -10 -10 ------- Run | Scr Mat Min Combat Hostiles Destroyed 11 | . 5 6 Guns 10 | . 4 6 AOE 1 | . 1 . Classes Destroyed 3 | . 2 1 Builder 1 | . . 1 Swarmer 3 | . 3 . Grunt 8 | . 2 6 Best Kill Streak 5 | . 5 2 Combat Bots Only 5 | . 5 2 Max Kills in Single Turn 1 | . 1 1 Gunslinging . | . . . Exploded 1 | . 1 . Melee . | . . . Uniques/NPCs Destroyed . | . . . Combat | -11 -10 -10 -------- Run | Scr Mat Min Damage Taken 1081 | . 541 540 Core 255 | . 141 114 Absorbed by Shields . | . . . Core Remaining (%) 100 | 100 . . Volleys Fired 47 | . 14 33 Largest 2 | . 2 2 Hottest 70 | . 70 70 Shots Fired 90 | . 27 63 Gun 90 | . 27 63 Cannon . | . . . Launcher . | . . . Special . | . . . Kinetic 49 | . 16 33 Thermal 32 | . 8 24 Explosive . | . . . Electromagnetic 9 | . 3 6 Robot Hit Streak 26 | . 12 26 Robot Miss Streak 5 | . 2 5 Penetration Max . | . . . Secondary Targets 2 | . 2 . Max Gunslinging Chain 1 | . 1 . Shots Hit Robots 63 | . 18 45 Core Hits 24 | . 8 16 Critical Hits 1 | . . 1 Critical Kills . | . . . Critical Parts Destroyed 1 | . . 1 Melee Attacks . | . . . Impact . | . . . Slashing . | . . . Piercing . | . . . Sneak Attacks . | . . . Combat Hostiles . | . . . Follow-up Attacks . | . . . Damage Inflicted 840 | . 278 562 Guns 754 | . 192 562 Cannons . | . . . Explosions 86 | . 86 . Melee . | . . . Ramming . | . . . Kinetic 329 | . 112 217 Thermal 416 | . 138 278 Explosive . | . . . Electromagnetic 95 | . 28 67 Impact . | . . . Slashing . | . . . Piercing . | . . . Highest Corruption 1 | . 1 1 Average Corruption 1 | . 1 1 Corruption Purged . | . . . Effects 5 | . 1 4 Message Errors 1 | . . 1 Data Loss (minor) 4 | . 1 3 Overload Shots . | . . . Overflow Damage . | . . . Projectiles . | . . . Explosions . | . . . Melee . | . . . Knockbacks . | . . . Impact . | . . . Kinetic . | . . . Secondary . | . . . Self-Inflicted Damage 52 | . 52 . Shots 1 | . 1 . Rammed . | . . . Targets Rammed . | . . . Kicked . | . . . Crushed . | . . . Highest Temperature 114 | . 110 114 Average Temperature 40 | . 48 37 Received Heat Transfer 447 | . 183 264 Siege Activations . | . . . Robots Corrupted . | . . . Combat Hostiles . | . . . Parts Fried . | . . . Impact Corruptions . | . . . Robots Melted . | . . . Combat Hostiles . | . . . Parts Melted 1 | . 1 . Heat Transferred 1012 | . 198 814 Parts Sabotaged . | . . . Parts Stolen . | . . . Parts Stripped . | . . . Power Chain Reactions 1 | . 1 . Missiles Intercepted . | . . . Alert | -11 -10 -10 ------- Run | Scr Mat Min Peak Influence 100 | . 100 90 Average Influence 44 | . 45 44 Maximum Alert Level . | . . . Low Security (%) 100 | 100 100 100 Level 1 . | . . . Level 2 . | . . . Level 3 . | . . . Level 4 . | . . . Level 5 . | . . . High Security . | . . . Max Security . | . . . Squads Dispatched . | . . . Investigation . | . . . Extermination . | . . . Reinforcement . | . . . Assault . | . . . Garrison . | . . . Intercept . | . . . Construction Impeded . | . . . Haulers Reinforced . | . . . Stealth | -11 -10 -10 --------- Run | Scr Mat Min Distress Signals 1 | . . 1 Communications Jammed . | . . . Distress Signals . | . . . Times Spotted 19 | . 6 13 Peak Tracking Total 5 | . 5 5 Tactical Retreats 2 | . . 2 Traps | -11 -10 -10 ------- Run | Scr Mat Min Traps Triggered 2 | . 2 . Indirectly . | . . . Trap Hack Attempts . | . . . Triggered . | . . . Disarmed . | . . . Reprogrammed . | . . . Reused . | . . . Traps Extracted . | . . . Installed . | . . . Triggered . | . . . Machines | -11 -10 -10 ---------- Run | Scr Mat Min Machines Disabled 1 | . . 1 Max in Single Turn 1 | . . 1 Machines Sabotaged . | . . . Garrisons Compromised . | . . . Overloaded Fab Kills . | . . . Fab Network Shutdowns . | . . . Hacking | -11 -10 -10 --------- Run | Scr Mat Min Machines Accessed . | . . . Terminals . | . . . Fabricators . | . . . Repair Stations . | . . . Recycling Units . | . . . Scanalyzers . | . . . Garrison Access . | . . . Total Hacks . | . . . Successful . | . . . Failed . | . . . Catastrophic . | . . . Database Lockouts . | . . . Manual . | . . . Terminals . | . . . Fabricators . | . . . Repair Stations . | . . . Recycling Units . | . . . Scanalyzers . | . . . Garrison Access . | . . . Terminal Hacks . | . . . Fabricator Hacks . | . . . Repair Station Hacks . | . . . Recycling Unit Hacks . | . . . Scanalyzer . | . . . Garrison Access Hacks . | . . . Unauthorized Hacks . | . . . Terminals . | . . . Fabricators . | . . . Repair Stations . | . . . Recycling Units . | . . . Scanalyzers . | . . . Garrison Access . | . . . Data Cores Recovered . | . . . Used . | . . . Hacking Detections . | . . . Full Trace Events . | . . . Feedback Events . | . . . Feedback Blocked . | . . . Robot Schematics Acquired . | . . . Robots Built . | . . . Matter . | . . . Time . | . . . Total Robot Build Rating . | . . . Part Schematics Acquired . | . . . Parts Built . | . . . Matter . | . . . Time . | . . . Total Part Build Rating . | . . . Parts Repaired . | . . . Time . | . . . Parts Recycled . | . . . Recycled Matter . | . . . Retrieved Matter . | . . . Retrieved Components . | . . . Parts Scanalyzed . | . . . Part Schematics Acquired . | . . . Parts Damaged . | . . . Bothacking | -11 -10 -10 ------------ Run | Scr Mat Min Used RIF Installer . | . . . Robots Hacked . | . . . Non-combat . | . . . Combat . | . . . Robot Hacks Applied . | . . . Relay Couplers Released . | . . . Robots Rewired . | . . . Allies Hacked . | . . . Hacks Repelled . | . . . Allies | -11 -10 -10 -------- Run | Scr Mat Min Total Allies . | . . . Largest Group . | . . . Highest-Rated Group . | . . . Highest-Rated Ally . | . . . Total Orders . | . . . Ally Attacks . | . . . Total Damage . | . . . Kills . | . . . Allies Corrupted . | . . . Allies Melted . | . . . Intel | -11 -10 -10 ------- Run | Scr Mat Min Robot Analysis Total . | . . . Derelict Logs Recovered 2 | . . 2 Drone Launches . | . . . Drone Recoveries . | . . . Exploration | -11 -10 -10 ------------- Run | Scr Mat Min Turns Passed 899 | 10 279 610 Spaces Moved 364 | 9 158 197 Core . | . . . Treads . | . . . Legs 364 | 9 158 197 Wheels . | . . . Hover . | . . . Flight . | . . . Fastest Speed 120 | 120 120 150 Average Speed 147 | 120 144 150 Slowest Speed 180 | 120 150 180 Overloaded Moves . | . . . Propulsion Burnouts . | . . . Robots Hopped . | . . . Cave-ins Triggered . | . . . Exploration Rate (%) 28 | 2 30 52 Regions Visited 2 Branch Regions 1 Pre-discovered Areas . | . . . Known Exits Taken . | . . . Unknown Exits Taken 2 | 1 1 . Scrap Searched 2 | . . 2 Spaces Dug . | . . . Terrain Destroyed 3 | . 3 . Melee . | . . . Projectile . | . . . AOE 3 | . 3 . Actions | -11 -10 -10 --------- Run | Scr Mat Min Total 637 | 8 183 446 Wait 212 | . 2 210 Move 362 | 8 157 197 Hop . | . . . Pick Up 7 | . 5 2 Fast Attach 2 | . 1 1 Attach 5 | . 3 2 Detach . | . . . Swap 2 | . 1 1 Drop . | . . . Fire 47 | . 14 33 Melee . | . . . Ram . | . . . Kick . | . . . Crush . | . . . Escape Stasis . | . . . Rewire . | . . . Trap . | . . . Miscellaneous . | . . . Route ------- -11/Scrapyard -10/Materials -10/Mines History --------- Turn | Location | Event 1 | -11/Scrapyard | Discovered new exit (range 3) 11 | -11/Scrapyard | Entered Materials 168 | -10/Materials | Core integrity fell below 50% 203 | -10/Materials | Lost 3 parts (1p2w) 264 | -10/Materials | Discovered new exit (range 13) 290 | -10/Materials | Entered Mines 309 | -10/Mines | Build established: Mutant 398 | -10/Mines | Core integrity fell below 20% 426 | -10/Mines | Lost 3 parts (1n2w) 518 | -10/Mines | Learned Materials stockpile data 581 | -10/Mines | Excavation squad dispatched 581 | -10/Mines | A large section of the Mines collapsed 823 | -10/Mines | Learned Materials stockpile data 831 | -10/Mines | Excavation squad dispatched 900 | -10/Mines | Destroyed by G-34 Mercenary with Small Laser Last Messages --------------- Data stored: Materials stockpile data. 00831_ ALERT: Derelict activity in mines confirmed. Dispatching additional escorted excavation squad. 00865_ G-34 Mercenary destroyed. 00865_ U-05 Engineer lays Concrete. 00880_ G-47 Trooper destroyed. 00881_ U-05 Engineer lays Concrete. 00884_ Acquired Lgt. Nuclear Core. 00885_ T-07 Excavator is excavating. 00888_ Seismic Survey Station disabled. 00889_ T-07 Excavator is excavating. 00891_ U-05 Engineer lays Concrete. 00892_ S-10 Pest destroyed. 00892_ U-05 Engineer lays Concrete. 00893_ T-07 Excavator is excavating. 00893_ U-05 Engineer lays Concrete. 00897_ Critical hit. 00897_ Aluminum Leg destroyed. 00898_ T-07 Excavator is excavating. 00899_ Med. Laser destroyed. Map ----- +----------------------------------------------------+ | | | | | | | | | | | | | | | | | | | | | | | ????????????????????????????????????? | | ????????????????????????????????????? | | ????????????????????????????????????? | | ????????????????????????????????????? | | ????????????????????#####???????????? | | ????????????????????# ########??????? | | ??????????####??????# # ###????? | | ??????????# ??????#"! # ###### | | ?????###### t ??????#=%=# | | ?????# ??????##[ ## | | ???????? #???????# #### #### | | ??????????# ######??# #??# ##??? | | ??????????# =%= #??# #??# ##?? | | ??????????#% #### #??#=#??## ##? | | ??????????#=@#??# #??#%#???# ## | | ??????????# #??# #??#!#???# | | ??????????# #??# #??# #???# # | | ??????????# #??# #??# #??## # | | ??????????#% #??# #### #### ### | | ??????????#sg#??# ## ##?? | | ?????????? ??# ###### ######??? | | ?????????? ??# #???## ##???????? | | ?????????? " ?? #???# #????????? | | ????????? """ ?## #???# #????????? | | ????????? """s??# #???## !#????????? | | ????????? ? ??# ????##!%#??????### | | ????????? ??? ??###?????# !###??### | | ???????? ???? ??????????# #### | | ????????#????#??????????#=! ## # | | ????????????????????????#%# ## | | ????????????????????????# ## ##? | | ????????????????????????# ### ##?? | | ????????????????????????# #?## ##??? | | ???????????????????????? ??####???? | | ????????????????????????###?????????? | | ????????????????????????????????????? | | ????????????????????????????????????? | | ????????????????????????????????????? | | ????????????????????????????????????? | +----------------------------------------------------+ Best States ------------- Heat Dissipation 25 Energy Generation 10 Energy Capacity 250 Matter Stores 300 Matter Capacity 300 Sight Range 16 Terrain Scan Density 10 Evasion (%) 40 Item Schematics ----------------- None Robot Schematics ------------------ None Fabricated ------------ Nothing Alien Tech Used ----------------- None Achievements -------------- None Challenges ------------ None Game ------ Seed CloakLinkedSource Manual? 0 Play Time 00:05:57 Cumulative 323.1 hours Start 2020.07.06 @ 20:02:52 End 2020.07.07 @ 15:25:22 Sessions 2 Manual Loads 0 Difficulty Rogue Special Mode None Game No. 361 Rogue 361 Adventurer 0 Explorer 0 Win Type - Total 29 Types 17/3/2/1/2/1/3 Lore% 93 Gallery% 88 Achievement% 78 Wizard Run 0 Options --------- ASCII 0 Keyboard 0 Movement Arrows Keybinds 0 Fullscreen 2 Font 18/SmallcapsGlow Map View 76x50 Tactical HUD 1 Map Filters NONE Filters NONE Steam 1 RUN: e0eaeebf-49f8-4aed-847a-cd6be9fc4fb0